 Dungeon Crawl Stone Soup version 0.20.1-1-g8b1a95d (webtiles) character file.

1997 Shiggy the Blocker (level 9, -2/78 HPs)
             Began as a Minotaur Fighter on Oct 30, 2017.
             Was a Priest of Okawaru.
             Killed from afar by n0claF's ghost (38 damage)
             ... with a fireball
             ... on level 6 of the Dungeon.
             The game lasted 00:38:43 (4614 turns).

Shiggy the Blocker (Minotaur Fighter)               Turns: 4614, Time: 00:38:43

Health: -2/78      AC: 10    Str: 22    XL:     9   Next: 2%
Magic:  9/9        EV: 14    Int:  5    God:    Okawaru [***...]
Gold:   334        SH: 12    Dex: 17    Spells: 8/8 levels left

rFire    . . .     SeeInvis .   a - +0 long sword
rCold    . . .     Gourm    .   c - +0 shield
rNeg     . . .     Faith    .   b - +0 scale mail
rPois    .         Spirit   .   (helmet restricted)
rElec    .         Reflect  .   G - +2 cloak
rCorr    .         Harm     .   (no gloves)
MR       .....                  (no boots)
Stlth    +.........             (no amulet)
Regen    0.3/turn               F - +5 ring of dexterity
MPRegen  0.2/turn               r - +2 ring of evasion

@: no status effects
A: retaliatory headbutt, horns 2
a: Heroism, Renounce Religion


You were on level 6 of the Dungeon.
You worshipped Okawaru.
Okawaru was most pleased with you.
You were not hungry.

You visited 1 branch of the dungeon, and saw 6 of its levels.

You collected 334 gold pieces.

Inventory:

Hand Weapons
 a - a +0 long sword (weapon)
 C - a +0 rapier
 D - a +0 falchion
Missiles
 e - 168 stones (quivered)
 t - 7 tomahawks
Armour
 b - a +0 scale mail (worn)
 c - a +0 shield (worn)
 u - a +0 leather armour
 B - a scarf of cloud immunity
 G - a +2 cloak (worn)
 L - a +0 cloak
Jewellery
 p - a +3 ring of strength
 q - an uncursed ring of positive energy
 r - a +2 ring of evasion (right hand)
 F - a +5 ring of dexterity (left hand)
 K - a +1 ring of protection
Wands
 I - a wand of paralysis (21/24)
Scrolls
 g - 2 scrolls of amnesia {unknown}
 h - 3 scrolls of teleportation {unknown}
 i - 2 scrolls of blinking {unknown}
 l - 3 scrolls of remove curse
 n - 2 scrolls of identify
 v - 2 scrolls of fog
 y - a scroll of fear {unknown}
 z - a scroll of immolation {unknown}
 A - a scroll of recharging {unknown}
 E - a scroll of magic mapping {unknown}
Potions
 d - 3 potions of might
 j - a potion of brilliance {unknown}
 m - 7 potions of heal wounds
 s - 2 potions of haste
 w - a potion of degeneration {unknown}
 x - 3 potions of lignification
 H - a potion of curing {unknown}
Comestibles
 f - 6 bread rations
 k - 3 meat rations
 o - 2 royal jellies
 J - 4 fruits


   Skills:
 + Level 6.7 Fighting
 - Level 7.2 Long Blades
 - Level 3.6 Armour
 * Level 6.1 Dodging
 - Level 1.0 Stealth
 + Level 8.6 Shields
 - Level 2.0 Invocations


You had 8 spell levels left.
You didn't know any spells.

Dungeon Overview and Level Annotations

Branches:
Dungeon (6/15)             Temple (0/1) D:6

Altars:
Fedhas
Gozag
Hepliaklqana
Makhleb
Nemelex Xobeh
Okawaru
Xom

Annotations:
D:6 n0claF's ghost, novice DEFE


Innate Abilities, Weirdness & Mutations

You reflexively headbutt those who attack you in melee.
You have a pair of horns on your head.


Message History

Space bends around you.
You hit n0claF's ghost.
N0claF's ghost is lightly damaged.
N0claF's ghost hits you but does no damage.
Space warps horribly around you!
You hit n0claF's ghost.
N0claF's ghost is moderately damaged.
N0claF's ghost gestures at you while chanting.
The flame tongue hits you!
You slash n0claF's ghost!
N0claF's ghost is heavily damaged.
N0claF's ghost closely misses you. You furiously retaliate!
You headbutt n0claF's ghost, but do no damage.
You hit n0claF's ghost.
N0claF's ghost is heavily damaged.
N0claF's ghost hits you.
You blink.
N0claF's ghost shouts, "They lied to you.
The Dungeon just goes down and down forever."
N0claF's ghost gestures at you while chanting.
The fireball explodes!
The fireball engulfs you!
You die...

....#.# #.........p..# ......#
#............# .. .⌠..#.#
##............# .. ....#.#
##.....W####..[## .. ......#
#........# #....##.. ....###
##........###....#... .⌠..####
##..........###....... .......##
##..#.........##.......
....#...###..##.@....#...#.......
##.##.......##...(..###.....(....
........#....#.....## ###........
........#........### ##.....##
.......#...#......#### ###....##
.......#..######.....###......#
......#...# ####...........##
......#..## ###..........##
.........# #...........#


You could see n0claF's ghost.

Vanquished Creatures
  Pikel (D:6)
  A troll (D:6)
  A hungry ghost (D:6)
  2 phantoms (D:5)
  A sky beast (D:5)
  An ogre (D:4)
  A centaur (D:5)
  Blork the orc (D:5)
  A bullfrog (D:6)
  A scorpion (D:4)
  2 crimson imps (D:5)
  An orc priest (D:5)
  2 hounds (D:5)
  An orc wizard (D:5)
  Crazy Yiuf (D:4)
  A centaur skeleton (D:3)
  2 iguanas
  4 worker ants
  4 gnolls (D:3)
  7 adders
  An adder skeleton (D:4)
  An adder zombie (D:6)
  2 worms (D:3)
  2 dart slugs
  3 leopard geckos
  17 orcs
  A ball python (D:4)
  8 giant cockroaches
  11 goblins
  5 hobgoblins
  11 jackals
  A kobold (D:1)
  A quokka (D:5)
  3 bats
  A frilled lizard (D:4)
  A giant cockroach zombie (D:6)
  A quokka skeleton (D:4)
  6 rats
112 creatures vanquished.

Vanquished Creatures (others)
  2 slaves (D:6)
2 creatures vanquished.

Grand Total: 114 creatures vanquished

Notes
Turn   | Place    | Note
-------+----------+-------------------------------------------
     0 | D:1      | Shiggy the Minotaur Fighter began the quest for the Orb.
     0 | D:1      | Reached XP level 1. HP: 19/19 MP: 0/0
   143 | D:1      | Reached XP level 2. HP: 24/27 MP: 1/1
   315 | D:1      | Reached skill level 1 in Dodging
   792 | D:2      | Reached skill level 4 in Shields
   792 | D:2      | Reached XP level 3. HP: 33/33 MP: 2/2
   867 | D:2      | Found an iron altar of Okawaru.
   872 | D:2      | Became a worshipper of Warmaster Okawaru
  1012 | D:2      | Reached XP level 4. HP: 31/40 MP: 3/3
  1726 | D:3      | Reached XP level 5. HP: 19/46 MP: 4/4
  2134 | D:3      | Reached * piety under Okawaru
  2137 | D:3      | Reached skill level 5 in Shields
  2302 | D:4      | Reached skill level 5 in Long Blades
  2302 | D:4      | Reached XP level 6. HP: 52/52 MP: 5/5
  2762 | D:4      | Found a hazy altar of Hepliaklqana.
  2806 | D:4      | Noticed a hungry ghost
  2840 | D:5      | Entered Level 5 of the Dungeon
  2850 | D:6      | Found a staircase to the Ecumenical Temple.
  2865 | D:6      | Killed a hungry ghost
  2865 | D:6      | Reached ** piety under Okawaru
  2865 | D:6      | Reached skill level 6 in Shields
  2865 | D:6      | Reached XP level 7. HP: 54/60 MP: 6/6
  3089 | D:5      | Found a shimmering altar of Xom.
  3090 | D:5      | Found a sparkling altar of Nemelex Xobeh.
  3090 | D:5      | Found a blossoming altar of Fedhas.
  3091 | D:5      | Found a burning altar of Makhleb.
  3094 | D:5      | Found an opulent altar of Gozag.
  3248 | D:5      | Noticed Blork the orc
  3267 | D:5      | Killed Blork the orc
  3267 | D:5      | Reached skill level 1 in Stealth
  3511 | D:5      | Reached skill level 5 in Fighting
  3680 | D:5      | Found a runed door.
  3684 | D:5      | Noticed Crazy Yiuf
  3739 | D:4      | Killed Crazy Yiuf
  3928 | D:5      | Reached skill level 1 in Invocations
  3928 | D:5      | Reached XP level 8. HP: 66/68 MP: 7/7
  3955 | D:5      | Reached skill level 7 in Shields
  4121 | D:6      | Noticed Pikel
  4145 | D:6      | Noticed n0claF's ghost (novice DEFE)
  4147 | D:6      | Killed Pikel
  4147 | D:6      | Reached *** piety under Okawaru
  4147 | D:6      | Reached skill level 5 in Dodging
  4147 | D:6      | Reached skill level 8 in Shields
  4400 | D:6      | Noticed a troll
  4412 | D:6      | Killed a troll
  4412 | D:6      | Reached XP level 9. HP: 41/78 MP: 6/9
  4614 | D:6      | Killed from afar by n0claF's ghost

Skill      XL: |  1  2  3  4  5  6  7  8 |
---------------+-------------------------+-----
Fighting       | 4 5 6 |  6.7
Dodging        | 1 2 3 4 6 |  6.1
Long Blades    | 3 4 5 6 7 |  7.2
Shields        | 4 5 6 8 |  8.6
Stealth        | 1 |  1.0
Invocations    | 1 2 |  2.0
Armour         | |  3.6

Action                   |  1- 3 |  4- 6 |  7- 9 || total
-------------------------+-------+-------+-------++-------
Melee: Long sword        |    57 |   127 |   160 ||   344
       Headbutt          |     9 |    29 |    36 ||    74
Invok: Heroism           |       |       |     3 ||     3
  Use: Scroll            |       |     4 |     1 ||     5
       Potion            |       |       |     1 ||     1
  Eat: Fruit             |       |     2 |     1 ||     3
       Chunk             |       |     5 |       ||     5
       Royal jelly       |       |     1 |       ||     1
       Bread ration      |       |       |     1 ||     1
       Meat ration       |       |       |     1 ||     1
Armor: Scale mail        |    22 |    40 |    35 ||    97
Dodge: Dodged            |    18 |    50 |    46 ||   114
Block: Shield            |    23 |    64 |    83 ||   170
       Rpst.: Long sword |     6 |    14 |    16 ||    36
